Map: Winter's Gate LE

Players

pHARM - Winner!

  • Race: Zerg Zerg
  • League: Platinum
  • Spawn Location: 5:00

NEWEra

  • Race: Terran Terran
  • Spawn Location: 11:00

VOD

Have the link to the VOD?

Description

Time

  • Played on: Sept. 1, 2019, 11:56 a.m.
  • Length: 6:08
Show
View Real Time Build Order
Export as new Build Order

pHARM Zerg - Winner!

Build Orders: Hatch First 

Get SALT Encoding   

  12  0:01  Drone  
  13  0:12  Overlord  
  13  0:32  Drone  
  13  0:33  Drone x2  
  16  0:52  Hatchery  
  15  1:01  Drone x2  
  17  1:15  Spawning Pool  
  17  1:17  Drone  
  17  1:25  Drone  
  18  1:31  Drone  
  19  1:40  Extractor, Drone  
  19  1:56  Drone  
  20  2:04  Drone  
  20  2:05  Queen x2, Drone  
  26  2:12  Overlord  
  26  2:16  Zergling x2  
  27  2:28  Drone  
  28  2:31  Drone x2  
  30  2:37  Overlord  
  30  2:45  Drone  
  30  2:50  Drone  
  32  2:59  Drone x2  
  32  3:05  Spine Crawler, Drone  
  35  3:08  Pneumatized Carapace  
  35  3:10  Metabolic Boost  
  35  3:12  Drone  
  35  3:22  Extractor  
  34  3:32  Baneling Nest  
  34  3:33  Drone x6  
  39  3:40  Evolution Chamber  
  38  3:50  Evolution Chamber  
  38  3:55  Drone x2  
  38  3:56  Drone x5  
  38  3:58  Roach Warren  
  43  4:10  Zerg Melee Weapons Level 1  
  43  4:18  Drone  
  43  4:19  Overlord x2  
  43  4:22  Spore Crawler  
  43  4:26  Spore Crawler  
  43  4:29  Drone x2  
  43  4:30  Overlord x3  
  44  4:37  Queen  
  46  4:59  Drone x9  
  55  5:00  Lair  
  55  5:06  Spore Crawler  
  54  5:08  Spore Crawler  
  53  5:20  Extractor  
Show
View Real Time Build Order
Export as new Build Order

NEWEra Terran 

Build Orders: Banshee Rush 

Get SALT Encoding   

  12  0:01  SCV  
  13  0:13  SCV  
  14  0:17  Supply Depot  
  14  0:25  SCV  
  15  0:29  Refinery  
  15  0:38  SCV  
  16  0:46  Barracks  
  16  0:50  SCV  
  17  1:03  SCV  
  18  1:15  SCV  
  19  1:25  Refinery  
  19  1:27  SCV  
  20  1:36  Marine  
  20  1:39  Supply Depot  
  21  1:40  Orbital Command  
  21  1:49  Factory  
  21  1:55  Marine  
  22  2:07  SCV  
  23  2:12  Supply Depot  
  23  2:15  Marine  
  24  2:30  SCV  
  24  2:35  Factory Tech Lab, Starport  
  25  2:39  Starport  
  25  2:48  SCV  
  26  2:55  Supply Depot  
  26  3:00  SCV  
  26  3:02  Factory Tech Lab  
  27  3:08  Marine  
  28  3:20  Cloaking Field  
  28  3:23  Banshee  
  31  3:33  SCV  
  32  3:37  Banshee  
  35  3:43  Supply Depot  
  35  4:03  Command Center  
  35  4:06  Banshee  
  38  4:19  SCV  
  38  4:20  Banshee  
  42  4:31  Marine  
  42  4:34  Armory  
  42  4:38  Supply Depot  
  43  4:50  Banshee  
Tags
 
League
Platinum
Matchup
TvZ
Replay Pack
10.7.19
Spawn Locations
Cross Positions
Strategy
Banshee Rush
Add a new tag
Caveats
  • Supply blocks, unpowered buildings, or Contaminate may cause inaccurate times.
  • Supply counts are checked every 10 seconds.